 Dungeon Crawl Stone Soup version 0.17.1-3-g152610e (webtiles) character file.

128 Alarkh the Chopper (level 4, 0/33 HPs)
             Began as a Mummy Skald on Apr 20, 2016.
             Slain by an adder (4 damage)
             ... on level 4 of the Dungeon.
             The game lasted 00:06:11 (3209 turns).

Alarkh the Chopper (Mummy Skald)                    Turns: 3209, Time: 00:06:11

Health: 0/33       AC:  3    Str: 15    XL:     4   Next: 87%
Magic:  7/7        EV:  6    Int: 12    God:
Gold:   130        SH:  0    Dex: 11    Spells: 3 memorised, 2 levels left

rFire  x . .     SeeInvis .     a - +0 hand axe
rCold  + . .     Clarity  .     b - +0 leather armour
rNeg   + + +     SustAt   .     (no shield)
rPois  ∞         Gourm    .     (no helmet)
rElec  .         Spirit   .     (no cloak)
rCorr  .         Warding  .     (no gloves)
rMut   .         Stasis   .     (no boots)
MR     .....                    g - amulet of faith
Stlth  +.........               (no ring)
                                (no ring)

@: not resistant to hostile enchantments, very unstealthy
A: no food or potions, fire vulnerability, cold resistance 1, negative energy
resistance 3, torment resistance, unbreathing
a: no special abilities


You were on level 4 of the Dungeon.
You were not hungry.

You visited 1 branch of the dungeon, and saw 4 of its levels.

You collected 130 gold pieces.

Inventory:

Hand Weapons
 a - a +0 hand axe (weapon)
Armour
 b - a +0 leather armour (worn)
Jewellery
 g - an amulet of faith (around neck)
Scrolls
 e - a scroll of amnesia
 f - a scroll of recharging
 h - a scroll of enchant weapon
 i - a scroll of fog
 j - a scroll of random uselessness
 l - 4 scrolls of remove curse
 m - a scroll of enchant armour
Books
 c - a book of Battle

   Spells                             Type                      Level
   a - Infusion                       Charms                       1
   b - Shroud of Golubria             Charms/Translocation         2
   c - Song of Slaying                Charms                       2
   d - Spectral Weapon                Hexes/Charms                 3
   e - Regeneration                   Charms/Necromancy            3


   Skills:
 - Level 2.0 Fighting
 + Level 4.2 Axes
 - Level 0.7 Armour
 - Level 0.7 Dodging
 - Level 2.0 Spellcasting
 - Level 2.4 Charms


You had 2 spell levels left.
You knew the following spells:

 Your Spells              Type           Power        Failure   Level  Hunger
a - Infusion              Chrm           #.....       14%         1    N/A
b - Song of Slaying       Chrm           #.......     21%         2    N/A
e - Shroud of Golubria    Chrm/Tloc      #.........   34%         2    N/A

Dungeon Overview and Level Annotations

Branches:
Dungeon (4/15)
 Temple: D:4-7

Altars:
Fedhas
Kikubaaqudgha
Qazlal
Yredelemnul

Portals:
Sewer: D:4

Annotations:
D:4 Shotgun's ghost, amateur DrTm


Innate Abilities, Weirdness & Mutations

You do not eat or drink.
Your flesh is vulnerable to fire.
You are immune to poison.
Your flesh is cold resistant.
You are immune to negative energy.
You are immune to unholy pain and torment.
You can survive without breathing.


Message History

The giant gecko barely misses you.
Your shroud begins to fray at the edges.
The giant gecko misses you.
Your shroud unravels.
The giant gecko bites you.
* * * LOW HITPOINT WARNING * * *
The giant gecko hisses menacingly.
The giant gecko barely misses you.
There is an open door here.
You enter the shallow water.
Moving in this stuff is going to be slow.
The giant gecko bites you but does no damage.
The giant gecko misses you. The adder bites you.
* * * LOW HITPOINT WARNING * * *
There is a glowing drain here.
The adder bites you.
* * * LOW HITPOINT WARNING * * *
The adder bites you.
You die...

*,,,,,,,* *,,,,*
*,,,,,,,* ****,*###
*,,,,,,,* ###*,,..##
**,,,,,** ##.#####..##
,,,*,*** #..........#
...#.#######..#####...#
..............#≈≈≈#..##
............#.#≈≈≈#.##
............#.#≈@≈#.#####
..............#lSS#.....#
*#............#≈s≈#.....#
#...#.#...$.W##'##.....#
#...._).......s........#
##...#.#....###.........#
...#.#.###### #.........#
##.....# ######.........#
...#.### #......#########


You could see Shotgun's ghost, 2 adders, a giant gecko and 2 giant cockroaches.

Vanquished Creatures
  5 adders
  2 oozes (D:3)
  4 worms
  3 giant geckos
  An orc (D:3)
  A giant cockroach (D:1)
  9 goblins
  3 hobgoblins
  5 jackals
  9 kobolds
  A quokka (D:3)
  2 ball pythons
  5 bats
  A giant gecko zombie (D:3)
  3 giant newts
  5 rats
59 creatures vanquished.

Notes
Turn   | Place    | Note
--------------------------------------------------------------
     0 | D:1      | Alarkh the Mummy Skald began the quest for the Orb.
     0 | D:1      | Reached XP level 1. HP: 16/16 MP: 3/3
   174 | D:1      | Reached XP level 2. HP: 22/22 MP: 1/5
   179 | D:1      | Learned a level 2 spell: Song of Slaying
   182 | D:1      | Learned a level 2 spell: Shroud of Golubria
   703 | D:2      | Reached XP level 3. HP: 11/27 MP: 0/6
   764 | D:2      | Reached skill level 3 in Axes
  2051 | D:2      | Reached XP level 4. HP: 7/33 MP: 0/7
  2380 | D:2      | Found a faded altar to an unknown god.
  2587 | D:2      | Became a worshipper of Yredelemnul the Dark
  2587 | D:2      | Reached * piety under Yredelemnul
  2603 | D:3      | Fell from the grace of Yredelemnul
  2763 | D:3      | Reached skill level 4 in Axes
  2928 | D:3      | Found an ancient bone altar of Kikubaaqudgha.
  2931 | D:3      | Found a blossoming altar of Fedhas.
  3151 | D:4      | Noticed Shotgun's ghost (amateur DrTm)
  3164 | D:4      | Found a stormy altar of Qazlal.
  3169 | D:4      | Found a glowing drain.
  3209 | D:4      | Slain by an adder

Action                   |  1- 3 |  4- 6 || total
-------------------------+-------+-------++-------
Melee: Hand axe          |   155 |    63 ||   218
 Cast: Infusion          |    22 |    13 ||    35
       Shroud of Golubri |     1 |     1 ||     2
Invok: Renounce Religion |       |     1 ||     1
  Use: Scroll            |     2 |     7 ||     9
